 Dungeon Crawl Stone Soup version 0.27.1-33-g824d729ab1 (webtiles) character file.

Game seed: 13594415173016396904

6220 Candide the Grappler (level 10, -13/104 HPs)
             Began as a Troll Berserker on Dec 7, 2021.
             Was a High Priest of Trog.
             Mangled by an orc warlord (20 damage)
             ... on level 1 of the Orcish Mines.
             The game lasted 00:51:12 (4534 turns).

Candide the Grappler (Troll Berserker)              Turns: 4534, Time: 00:51:13

Health: -13/104    AC:  8    Str: 36    XL:     10   Next: 61%
Magic:  9/9        EV: 11    Int:  3    God:    Trog [*****.]
Gold:   628        SH:  5    Dex:  9    Spells: 9/9 levels left

rFire    . . .     SeeInvis .     - Unarmed
rCold    . . .     Faith    .   (no shield)
rNeg     . . .     Spirit   .   a - +0 animal skin
rPois    .         Reflect  +   (helmet restricted)
rElec    .         Harm     .   l - scarf {repulsion}
rCorr    .         Rampage  .   (gloves unavailable)
Will     ++...                  (boots unavailable)
Stlth    +.........             t - amulet of reflection
HPRegen  2.27/turn              e - +6 ring of strength
MPRegen  0.11/turn              w - +4 ring of protection

@: strong-willed, regenerating, repel missiles
A: large, unfitting armour, claws 3, regeneration 1, shaggy fur 1, tough skin 1
a: Renounce Religion, Berserk, Trog's Hand, Brothers in Arms


You were on level 1 of the Orcish Mines.
You worshipped Trog.
Trog was extremely pleased with you.
You visited 4 branches of the dungeon, and saw 13 of its levels.
You also visited: Ossuary.

You collected 628 gold pieces.

Inventory:

Armour
 a - a +0 animal skin (worn)
 l - a scarf of repulsion (worn)
Jewellery
 e - a +6 ring of strength (left claw)
 f - a ring of willpower
 t - an amulet of reflection (around neck)
 w - a +4 ring of protection (right claw)
 F - a ring of protection from fire
Wands
 u - a wand of iceblast (12)
 y - a wand of polymorph (3)
 z - a wand of flame (18)
 G - a wand of mindburst (12)
Scrolls
 c - 4 scrolls of identify {unknown}
 g - 5 scrolls of blinking {unknown}
 h - 3 scrolls of immolation {unknown}
 i - 2 scrolls of enchant weapon {unknown}
 j - 3 scrolls of noise {unknown}
 k - a scroll of brand weapon {unknown}
 n - a scroll of teleportation {unknown}
 p - 2 scrolls of enchant armour {unknown}
 s - a scroll of silence {unknown}
 x - 2 scrolls of fog {unknown}
 A - a scroll of amnesia {unknown}
 B - a scroll of holy word {unknown}
 E - 2 scrolls of magic mapping {unknown}
Potions
 b - 2 potions of lignification {unknown}
 d - 2 potions of brilliance {unknown}
 m - 2 potions of mutation {unknown}
 o - 5 potions of curing {unknown}
 q - 4 potions of heal wounds {unknown}
 r - 2 potions of haste {unknown}
 v - a potion of flight {unknown}
 C - a potion of invisibility {unknown}
 D - a potion of attraction {unknown}
 H - 2 potions of ambrosia {unknown}
 I - a potion of might


   Skills:
 - Level 8.0 Fighting
 + Level 7.4 Dodging
 - Level 11.0 Unarmed Combat


You had 9 spell levels left.
You didn't know any spells.
Your spell library was empty.

Dungeon Overview and Level Annotations

Branches:
Dungeon (10/15)            Temple (1/1) D:5            Lair (1/6) D:8
    Orc (1/2) D:10        Ossuary (visited)

Altars:
Ashenzari
Cheibriados
Dithmenos
Elyvilon
Fedhas
Gozag
Makhleb
Nemelex Xobeh
Okawaru
Qazlal
Ru
Uskayaw
Wu Jian
Xom
Yredelemnul
Zin
The Shining One


Innate Abilities, Weirdness & Mutations

You are too large for most types of armour.
You have claws for hands.
Your natural rate of healing is unusually fast.
You are covered in fur. (AC +1)
You have tough skin. (AC +1)


Message History

Trog accepts your kill.
The orc warlord roars a battlecry!
The orcs go into a battle-frenzy!
The orc hits you but does no damage.
Items here: $ )) [ †.
You block the orc warrior's attack.
You barely miss the orc. You claw the orc!
You kill the orc!
Trog accepts your kill. The orc warrior closely misses you.
The orc sorcerer casts a spell.
You scratch the orc warlord.
The orc warlord is lightly wounded.
The orc warlord roars a battlecry!
You block the orc warrior's attack.
You claw the orc warlord!
The orc warlord is lightly wounded.
The orc warlord hits you with a +1 war axe of electrocution!
You are electrocuted!
The orc warrior hits you from afar with a +0 trident.
You claw the orc warlord!
The orc warlord is moderately wounded.
The orc warlord hits you with a +1 war axe of electrocution!
The orc warlord blocks your attack.
You claw the orc warlord!
The orc warlord is moderately wounded.
You block the orc warrior's attack.
Non-targeted abil: Trog's Hand
Press: ? - help, Q - select action, (/) - cycle Dir - look around, f - activate Your skin crawls.
You feel strong-willed.
The orc warlord hits you with a +1 war axe of electrocution!!
You are electrocuted!
* * * LOW HITPOINT WARNING * * *
The orc warrior closely misses you. The orc warlord blocks your attack.
The orc warlord is moderately wounded.
The orc warlord hits you with a +1 war axe of electrocution!!
* * * LOW HITPOINT WARNING * * *
You are electrocuted!!
You die...

#......o#####.......####..
####>.....###.........# ..
##....##...........#
#....))......#.......
##.#......##.##.......
###..ooo######.#.....
##o.o## ##.#.## ###o# ##.
#@## ###


You could see an orc warlord, an orc warrior (strong) and 2 orcs.

Vanquished Creatures
  A two-headed ogre (D:9)
  Pikel (D:7)
  Joseph (D:7)
  2 centaur zombies
  Maggie (D:7)
  A komodo dragon (D:8)
  3 yaks (D:9)
  3 wyverns (D:8)
  A warg (Orc:1)
  2 water moccasins
  A swamp drake (D:8)
  5 orc warriors
  A black bear (D:6)
  A necrophage (D:7)
  5 ogres
  A phantom (D:5)
  2 elf zombies
  3 lemures (D:7)
  A kobold brigand (D:7)
  A scorpion (D:5)
  2 water moccasin skeletons
  2 jellies
  3 orc priests
  2 human zombies (D:5)
  A hound (D:5)
  2 iguanas
  A human skeleton (D:5)
  13 orc wizards
  A killer bee zombie (D:7)
  2 mummies (Ossuary)
  7 gnolls
  3 adders
  2 shadow imps
  4 white imps
  2 ufetubi
  2 adder zombies (Ossuary)
  2 worms (D:2)
  2 dart slugs
  42 orcs
  3 ball pythons
  5 bats
  2 endoplasms (D:4)
  4 giant cockroaches
  7 hobgoblins
  4 jackals (D:3)
  A quokka (D:1)
  5 frilled lizards
  3 goblins
  A goblin zombie (Ossuary)
  6 hobgoblin zombies (Ossuary)
  2 jackal zombies (Ossuary)
  11 kobolds
  15 kobold zombies (Ossuary)
  An orc skeleton (D:5)
  10 orc zombies
  6 rats
  A bush (D:2)
219 creatures vanquished.

Vanquished Creatures (collateral kills)
  A hornet (D:9)
1 creature vanquished.

Vanquished Creatures (others)
  9 fungi (D:7)
  A plant (D:2)
  5 toadstools (D:7)
15 creatures vanquished.

Grand Total: 235 creatures vanquished

Notes
Turn   | Place    | Note
-------+----------+-------------------------------------------
     0 | D:1      | Candide the Troll Berserker began the quest for the Orb.
     0 | D:1      | Reached XP level 1. HP: 22/22 MP: 0/0
   126 | D:1      | Reached XP level 2. HP: 29/29 MP: 1/1
   469 | D:2      | Reached skill level 4 in Unarmed Combat
   531 | D:2      | Reached ** piety under Trog
   532 | D:2      | Reached XP level 3. HP: 27/36 MP: 2/2
   802 | D:3      | Found a stormy altar of Qazlal.
   906 | D:3      | Found an iron altar of Okawaru.
  1054 | D:3      | Found a sacrificial altar of Ru.
  1171 | D:4      | Found a snail-covered altar of Cheibriados.
  1172 | D:4      | Found an ornate altar of the Wu Jian Council.
  1173 | D:4      | Found a sparkling altar of Nemelex Xobeh.
  1241 | D:4      | Reached XP level 4. HP: 41/44 MP: 3/3
  1323 | D:4      | Reached skill level 5 in Unarmed Combat
  1334 | D:4      | HP: 2/44 [gnoll (1)]
  1495 | D:4      | Reached XP level 5. HP: 42/50 MP: 4/4
  1531 | D:4      | Reached skill level 6 in Unarmed Combat
  1564 | D:5      | Entered Level 5 of the Dungeon
  1601 | D:5      | Noticed a phantom
  1603 | D:5      | Found a staircase to the Ecumenical Temple.
  1612 | D:5      | Killed a phantom
  1639 | D:5      | Reached XP level 6. HP: 55/62 MP: 5/5
  1784 | D:5      | Reached skill level 5 in Fighting
  1784 | D:5      | Reached XP level 7. HP: 69/72 MP: 6/6
  1838 | D:5      | Found a sand-covered staircase.
  1869 | D:5      | Reached *** piety under Trog
  1898 | Ossuary  | Entered an ossuary
  2117 | Ossuary  | Reached **** piety under Trog
  2128 | Ossuary  | Reached XP level 8. HP: 83/83 MP: 7/7
  2452 | Temple   | Entered the Ecumenical Temple
  2723 | D:6      | Reached skill level 5 in Dodging
  3069 | D:7      | Reached skill level 7 in Unarmed Combat
  3165 | D:7      | Noticed Maggie
  3174 | D:7      | Killed Maggie
  3175 | D:7      | Reached skill level 8 in Unarmed Combat
  3212 | D:7      | Reached XP level 9. HP: 89/89 MP: 8/8
  3300 | D:7      | Noticed Pikel
  3312 | D:7      | Reached skill level 9 in Unarmed Combat
  3321 | D:7      | Killed Pikel
  3322 | D:7      | Reached skill level 10 in Unarmed Combat
  3348 | D:7      | Noticed Joseph
  3355 | D:7      | Killed Joseph
  3596 | D:8      | Reached skill level 11 in Unarmed Combat
  3711 | D:8      | Noticed a komodo dragon
  3718 | D:8      | Killed a komodo dragon
  3732 | D:8      | Reached ***** piety under Trog
  3773 | D:8      | Reached XP level 10. HP: 87/98 MP: 9/9
  3790 | D:8      | Found a staircase to the Lair.
  3835 | Lair:1   | Entered Level 1 of the Lair of Beasts
  3835 | Lair:1   | Noticed a cane toad
  4084 | D:9      | Found an opulent altar of Gozag.
  4113 | D:9      | Noticed a two-headed ogre
  4119 | D:9      | Killed a two-headed ogre
  4279 | D:9      | Noticed a +0 dagger
  4280 | D:9      | Noticed a +0 dagger
  4282 | D:9      | Found a hide-covered altar of Uskayaw.
  4319 | D:10     | Entered Level 10 of the Dungeon
  4319 | D:10     | Found a staircase to the Orcish Mines.
  4334 | Orc:1    | Entered Level 1 of the Orcish Mines
  4433 | Orc:1    | Received a gift from Trog
  4476 | Orc:1    | Noticed an orc warlord
  4477 | Orc:1    | Noticed an orc sorcerer
  4480 | Orc:1    | Noticed a sun demon
  4482 | Orc:1    | Noticed a sun demon
  4534 | Orc:1    | Mangled by an orc warlord

Illustrated notes

Levels and vault maps discovered:
D:1:      minmay_arrival_jagged, layout_rooms, nrook_uturn, st_stairs_8,
          lexackson_kobold_supper
D:2:      layout_basic, serial_forest, infiniplex_forest_clump_small,
          infiniplex_forest_corner_1, infiniplex_forest_end_2,
          infiniplex_forest_lined_corner, infiniplex_forest_end_2,
          infiniplex_forest_lined_ring, roderic_roman_lattice
D:3:      gammafunk_steamed_eel, layout_loops_ring,
          palyth_temple_overflow_mages, nicolae_qazlal_general_emergency,
          okawaru_trees_1, hangedman_ru_absence, lemuel_coloured_pillars_altar
D:4:      layout_basic, chequers_temple_overflow_statue_of_worship
D:5:      layout_cave_pods, minmay_temple_entry_glass,
          nicolae_ossuary_entry_catacombs
D:6:      layout_loops_ring, nzn_hepliaklqana_mist_gate, st_stairs_8
D:7:      layout_loops_ring, minmay_gold_behind_fungi, amethyst_killhole,
          nrook_mini_vaults, uniq_maggie, uniq_joseph, uniq_harold, uniq_pikel
D:8:      layout_cave_pools, erik_lair_dragon
D:9:      layout_loops_ring, kennysheep_mini_moat, dancing_weapons_uskayaw,
          serial_bayou_lake_a
D:10:     layout_rooms
Temple:   jpeg_temple_island
Lair:1:   layout_regular_city
Orc:1:    layout_diamond_mine

Skill      XL: |  1  2  3  4  5  6  7  8  9 10 |
---------------+-------------------------------+-----
Unarmed Combat | 4 5 6 8 11 | 11.0
Fighting       | 3 5 6 8 |  8.0
Dodging        | 3 5 6 7 |  7.4

Action                   |  1- 3 |  4- 6 |  7- 9 | 10-12 || total
-------------------------+-------+-------+-------+-------++-------
Melee: Unarmed           |   161 |    66 |   304 |   102 ||   633
       Punch             |     3 |     2 |    10 |    10 ||    25
Invok: Berserk           |     3 |     2 |     1 |     2 ||     8
       Trog's Hand       |       |     1 |       |     2 ||     3
       Brothers in Arms  |       |       |       |     1 ||     1
 Stab: Sleeping          |       |       |     1 |       ||     1
Armor: Animal skin       |    56 |    16 |    77 |    29 ||   178
Dodge: Dodged            |    73 |    43 |   106 |    53 ||   275
       Repelled          |       |       |     4 |       ||     4
Block: Other             |       |       |    37 |    20 ||    57
       Reflection        |       |       |     2 |     2 ||     4
